 Dungeon Crawl Stone Soup version 0.31-a0-702-gf82c85558f (webtiles) character file.

Game seed: 10147361403478341922

129773 hwolsky the Pyromancer (level 16, 14/105 HPs) *EXPLORE*
             Began as a Purple Draconian Fire Elementalist on May 24, 2023.
             Was a High Priest of Vehumet.
             Quit the game on level 4 of the Spider Nest on Sept 8, 2023.
             The game lasted 02:15:47 (31864 turns).

hwolsky the Pyromancer (DrFE)                      Turns: 31864, Time: 02:15:48

Health: 14/105     AC: 18    Str: -3 (12) XL:     16   Next: 51%
Magic:  0/42       EV:  2    Int: 18 (33) God:    Vehumet [*****.]
Gold:   1654       SH:  0    Dex: -6 (10) Spells: 5/40 levels left

rFire   + + .        U - staff of fire
rCold   . . .        (no shield)
rNeg    . . .        (body armour unavailable)
rPois   .            L - +3 hat of Pondering {ponderous, Will+ MP+10 Int+5}
rElec   +            z - +0 cloak
rCorr   .            M - +2 pair of gloves
SInv    +            G - +0 pair of boots of Hingant {rElec rF+ Dex-2}
Will    +++..        C - amulet of the acrobat Stlth
                     p - +6 ring of intelligence
HPRegen 0.00/turn    B - ring of see invisible
MPRegen 0.28/turn

%: acrobat
@: lethally poisoned (14 -> -25), short of breath, acrobatic, inhibited regen,
slowed, lost strength, lost dexterity, very slow
A: breathe power, AC +9, unfitting armour, cold-blooded, hooves 2, shaggy fur 1
a: Breathe Dispelling Energy, Renounce Religion


You were on level 4 of the Spider Nest.
You worshipped Vehumet.
Vehumet was extremely pleased with you.
You visited 4 branches of the dungeon, and saw 23 of its levels.

You collected 1654 gold pieces.

Inventory:

Hand Weapons
 s - the +6 mace of Luwo {holy, rCorr Str+2}
   (You took it off an orc on level 3 of the Dungeon)

   Str+2:     It affects your strength (+2).
   rCorr:     It protects you from acid and corrosion.
Missiles
 d - 3 throwing nets {@!f}
Armour
 z - a +0 cloak (worn)
 G - the +0 pair of boots of Hingant (worn) {rElec rF+ Dex-2}
   (You acquired it on level 2 of the Dungeon)

   Dex-2:     It affects your dexterity (-2).
   rF+:       It protects you from fire.
   rElec:     It insulates you from electricity.
 L - the +3 hat of Pondering (worn) {ponderous, Will+ MP+10 Int+5}
   (You took it off Gastronok on level 2 of the Lair of Beasts)

   Int+5:     It affects your intelligence (+5).
   Will+:     It increases your willpower.
   MP+10:     It affects your magic capacity (+10).
 M - a +2 pair of gloves (worn)
Magical Staves
 U - a staff of fire (weapon)
Jewellery
 p - a +6 ring of intelligence (left hand)
 x - the ring "Uputuj Fyun" {Fire Will- Str+3 Int+2}
   (You found it on level 8 of the Dungeon)

   [ring of fire]

   Fire:      It enhances your fire magic.
   Str+3:     It affects your strength (+3).
   Int+2:     It affects your intelligence (+2).
   rF+:       It protects you from fire.
   rC-:       It makes you vulnerable to cold.
   Will-:     It decreases your willpower.
 B - a ring of see invisible (right hand)
 C - an amulet of the acrobat (around neck)
 K - a ring of resist corrosion
 O - an amulet of regeneration
 Q - a ring of flight
 R - a +6 ring of dexterity
Wands
 j - a wand of flame (42)
 m - a wand of charming (25)
 y - a wand of iceblast (4)
 P - a wand of polymorph (3)
 T - a wand of mindburst (2)
Scrolls
 f - 2 scrolls of fog
 g - 4 scrolls of blinking
 i - 9 scrolls of identify
 n - 2 scrolls of amnesia
 t - 6 scrolls of teleportation
 v - 3 scrolls of silence
 w - a scroll of enchant weapon
 A - a scroll of brand weapon
 J - 2 scrolls of enchant armour
 S - a scroll of immolation
Potions
 a - 3 potions of magic
 b - 3 potions of curing
 c - 5 potions of brilliance
 e - 3 potions of lignification
 h - 2 potions of heal wounds
 k - 4 potions of enlightenment
 l - a potion of ambrosia
 o - 2 potions of invisibility
 q - 2 potions of haste
 r - a potion of attraction
 u - a potion of cancellation
 D - a potion of resistance
 E - a potion of might
 F - a potion of berserk rage
 H - 2 potions of mutation


   Skills:
 - Level 1.7 Dodging
 + Level 10.7 Stealth
 - Level 12.8 Spellcasting
 + Level 15.3 Conjurations
 * Level 21.2 Fire Magic


You had 5 spell levels left.
You knew the following spells:

 Your Spells              Type           Power      Damage    Failure   Level
a - Foxfire               Conj/Fire      100%       2x1d9     0%          1
b - Scorch                Fire           100%       2d9       0%          2
c - Flame Wave            Conj/Fire      86%        2d18      1%          4
d - Inner Flame           Hex/Fire       65%        N/A       1%          3
e - Volatile Blastmotes   Fire/Tloc      100%       2d18      1%          3
f - Ignition              Fire           46%        3d13      1%          8
h - Fire Storm            Conj/Fire      43%        8d11      61%         9
i - Iskenderun's Battles  Conj           61%        2d11      1%          5

Your spell library contained the following spells:

 Spells                   Type           Power      Damage    Failure   Level
 Conjure Ball Lightning   Conj/Air       19%        3x3d6     11%         6
 Sandblast                Erth           22%        2d7       1%          1
 Shock                    Conj/Air       100%       1d9       1%          1
 Dazzling Flash           Conj/Hex       78%        N/A       1%          3
 Mephitic Cloud           Conj/Pois/Air  29%        N/A       1%          3
 Stone Arrow              Conj/Erth      78%        3d11      1%          3
 Iskenderun's Mystic Bla  Conj/Tloc      39%        2d9       1%          4
 Sticky Flame             Conj/Fire      86%        2d10      1%          4
 Poisonous Vapours        Pois/Air       22%        N/A       2%          2
 Freezing Cloud           Conj/Ice/Air   14%        6-21      5%          5
 Summon Small Mammal      Summ           44%        N/A       6%          1
 Lesser Beckoning         Tloc           22%        N/A       9%          2
 Passwall                 Tmut/Erth      9%         N/A       9%          2
 Airstrike                Air            5%         2d(1-17)  16%         4
 Olgreb's Toxic Radiance  Pois           11%        N/A       16%         4
 Call Canine Familiar     Summ           11%        N/A       19%         3
 Gell's Gravitas          Tloc           11%        N/A       19%         3
 Summon Guardian Golem    Hex/Summ       11%        N/A       19%         3
 Swiftness                Air            11%        N/A       19%         3
 Teleport Other           Tloc           11%        N/A       19%         3
 Starburst                Conj/Fire      43%        6d12      1%          6
 Discord                  Hex            5%         N/A       100%        8
 Chain Lightning          Conj/Air       19%        3d26      100%        9
 Shatter                  Erth           5%         3d8*      100%        9


Dungeon Overview and Level Annotations

Branches:
Dungeon (13/15) Zot: 26915  Temple (1/1) D:7 Zot: 5850    Lair (5/5) D:9 Zot: 22024
 Shoals (0/4) Lair:2       Spider (4/4) Lair:3 Zot: 18017   Slime (0/5) Lair:4
    Orc (0/2) D:12
 Vaults: D:13-14

Altars:
Ashenzari
Cheibriados
Dithmenos
Elyvilon
Fedhas
Gozag
Hepliaklqana
Kikubaaqudgha
Makhleb
Nemelex Xobeh
Okawaru
Qazlal
Ru
Sif Muna
Trog
Uskayaw
Vehumet
Wu Jian
Xom
Yredelemnul
Zin
The Shining One
Jiyva

Shops:
D:7 *


Innate Abilities, Weirdness & Mutations

You can breathe bolts of dispelling energy.
Your rich purple scales are hard. (AC +9)
You cannot fit into any form of body armour.
You are cold-blooded and may be slowed by cold attacks.
You have hoof-like feet.
You are covered in fur. (AC +1)


Message History

You are lethally poisoned!
The redback poisons you!
Unknown command.
Unknown command.
Unknown command.
You are caught in the web!
* * * LOW HITPOINT WARNING * * *
You feel extremely sick. The redback completely misses you.
The ghost moth stares at you.
You feel your power leaking away.
* * * LOW MAGIC WARNING * * *
The ghost moth hits you but does no damage. x2
The ghost moth stings you!
* * * LOW HITPOINT WARNING * * *
You feel weakened.
There is a web here.
You see here a tarantella corpse.
Unknown command.
Unknown command.
You disentangle yourself.
Thought so.
The culicivora bites you!
The culicivora draws strength from your injuries!
The redback bites you.
You are more poisoned.
The redback poisons you!
The redback bites you but does no damage.
The ghost moth hits you.
The ghost moth hits you but does no damage.
The ghost moth stings you but does no damage.
The jumping spider leaps!
The culicivora bites you!
The culicivora draws strength from your injuries!
The redback bites you but does no damage.
The redback bites you!
You are more poisoned.
The redback poisons you! The ghost moth stares at you.
The ghost moth completely misses you.
The ghost moth hits you but does no damage.
The ghost moth stings you but does no damage.
Unknown command.
Unknown command.
You enter the shallow water.
Moving in this stuff is going to be slow.
* * * LOW HITPOINT WARNING * * *
You feel extremely sick. The redback bites you!
* * * LOW HITPOINT WARNING * * *
The redback bites you but does no damage.
The redback bites you!
* * * LOW HITPOINT WARNING * * *
You are more poisoned.
The redback poisons you!
Unknown command.
Unknown command.
Ouch! That really hurt!
Thought so.
The redback bites you but does no damage. x2
The ghost moth stares at you.
You feel your power leaking away.
* * * LOW MAGIC WARNING * * *
The redback bites you but does no damage.
The ghost moth stares at you.
You feel your power leaking away.
* * * LOW MAGIC WARNING * * *
Okay, then.
You feel extremely sick.
The redback bites you but does no damage.
The jumping spider leaps!
The culicivora bites you but does no damage.
The ghost moth stares at you. The redback bites you!
The redback bites you but does no damage.
The culicivora bites you but does no damage.
The redback splashes around in the water.
The redback bites you but does no damage.
You feel extremely sick. The culicivora bites you!
* * * LOW HITPOINT WARNING * * *
The culicivora draws strength from your injuries!
The redback splashes around in the water.
The redback bites you.
* * * LOW HITPOINT WARNING * * *
The ghost moth hits you but does no damage.
The ghost moth barely misses you. The ghost moth stings you.
* * * LOW HITPOINT WARNING * * *
The culicivora bites you!
* * * LOW HITPOINT WARNING * * *
The culicivora draws strength from your injuries!
The redback bites you but does no damage.
The ghost moth hits you!
* * * LOW HITPOINT WARNING * * *
The ghost moth hits you but does no damage.
The ghost moth stings you.
* * * LOW HITPOINT WARNING * * *
Unknown command.
Unknown command.
Unknown command.
Char dumped successfully.
Are you sure you want to abandon this character and quit the game? (Confirm with "yes".)

##.~.~# ##.......###
#..†.# #^.........#
##~.~§## #........^##
#~..##~###...##.##<.#
#...##^†''...^^...###
#~.†.~..'†.........
##^.....''..........
##.ss.~###......#...
#.s.@^## #...#..# #
#~.ys## #........#
#~^### ##...#..##
#~.~## #..##....
##s.~### #... #..
#~~°..## ###.. .
###...~## ... #~.^.~#
##~~.~#


You could see a ghost moth (invisible), 2 culicivoras and 2 redbacks.

Vanquished Creatures
  Arachne (Spider:2)
  Mlioglotl (Spider:2)
  Gastronok (Lair:2)
  Agnes (Spider:1)
  Kirke (D:12)
  The ghost of Pesouf the Phalangite, an adept MfHs of Okawaru (Spider:1)
  2 emperor scorpions (Spider:1)
  Louise (Spider:1)
  A ghost moth (Spider:4)
  Aizul (Spider:1)
  3 broodmothers
  Nessos (Lair:3)
  3 spark wasps
  Azrael (Spider:1)
  Snorg (D:12)
  4 entropy weavers
  A fire dragon (Lair:5)
  3 hydras
  3 jorogumos
  2 radroaches
  5 boulder beetles
  Erica (D:11)
  4 two-headed ogres
  11 death yaks
  A tengu warrior (D:9)
  The ghost of particleface the Nimble, a journeyman SpHW of Ashenzari (D:11)
  Nergalle (Lair:3)
  The ghost of sirJeffrey23 the Orderly, a novice TrMo of Makhleb (D:8)
  5 pharaoh ants
  Sonja (D:11)
  2 skysharks
  A sun moth (Spider:2)
  6 orb spiders
  A deep elf pyromancer (D:12)
  8 steelbarb worms
  2 harpies (Lair:2)
  A lindwurm (Lair:5)
  A wolf spider zombie (D:12)
  18 wolf spiders
  2 ugly things
  2 cyclopes
  6 black mambas
  9 centaur zombies (D:12)
  2 moths of wrath (Spider:2)
  Maurice (D:8)
  4 demonic crawlers
  7 torpor snails
  2 molten gargoyles (Lair:5)
  6 cane toads
  An unseen horror (D:12)
  Psyche (D:9)
  2 kobold demonologists (D:12)
  9 rime drakes
  12 komodo dragons
  A tengu conjurer (D:9)
  5 trolls
  3 hornets
  2 polar bears
  26 tarantellas
  Grinder (D:4)
  8 blink frogs (Lair:1)
  A meliai zombie (D:12)
  13 dream sheep
  4 slime creatures (D:12)
  Sigmund (D:3)
  3 shadows
  25 jumping spiders
  25 culicivoras
  10 wraiths
  4 wyverns
  51 yaks
  4 vampires (D:12)
  5 hogs (D:12)
  3 fire elementals (Spider:1)
  Grum (D:8)
  16 steam dragons
  7 basilisks
  59 redbacks
  2 acid dragons
  6 hell hounds
  10 water moccasins
  A sky beast (D:7)
  2 black bears (D:7)
  3 ogres
  3 ice beasts (D:8)
  5 orc warriors
  11 wolves
  A centaur (D:10)
  9 kobold brigands
  Blork the orc (D:6)
  9 bullfrogs
  3 gnoll sergeants
  2 scorpions
  A hornet simulacrum (D:8)
  3 wights (D:8)
  3 killer bees (D:10)
  2 electric eels (Lair:4)
  2 howler monkeys (D:9)
  2 lava snakes (Lair:5)
  3 hounds
  A jelly (D:5)
  11 orc priests
  3 gnoll boudas
  3 iguanas
  An iron imp (D:5)
  A sleepcap (D:4)
  11 orc wizards
  6 hell rats
  Robin (D:3)
  37 gnolls
  3 adders
  A shadow imp (D:7)
  6 white imps
  2 dart slugs
  50 orcs
  2 bats (D:2)
  3 endoplasms
  A giant cockroach (D:2)
  5 hobgoblins
  4 jackals (D:2)
  34 kobolds
  4 quokkas
  9 ball pythons
  2 frilled lizards
  15 goblins
  3 rats
751 creatures vanquished.

Vanquished Creatures (others)
  2 lava snakes (Lair:5)
  A goblin (D:3)
  A kobold (D:12)
  127 foxfires
131 creatures vanquished.

Grand Total: 882 creatures vanquished

Notes
Turn   | Place    | Note
-------+----------+-------------------------------------------
     0 | D:1      | hwolsky the Draconian Fire Elementalist began the quest for
                  | the Orb.
     0 | D:1      | Reached XP level 1. HP: 14/14 MP: 3/3
   335 | D:1      | Reached XP level 2. HP: 20/20 MP: 1/5
   338 | D:1      | Learned a level 2 spell: Scorch
   559 | D:1      | Found a faded altar of an unknown god.
   768 | D:2      | Found a hide-covered altar of Uskayaw.
  1046 | D:2      | Entered explore mode.
  1053 | D:2      | Slain by a gnoll
                  | ... wielding a +0 halberd
                  | (5 damage)
  1059 | D:2      | Slain by a gnoll
                  | ... wielding a +0 halberd
                  | (7 damage)
  1062 | D:2      | Reached XP level 3. HP: 26/26 MP: 2/6
  1067 | D:2      | HP: 1/26 [gnoll/+0 halberd (7)]
  1068 | D:2      | Slain by a gnoll
                  | ... wielding a +0 halberd
                  | (4 damage)
  1147 | D:2      | Reached skill level 4 in Fire Magic
  1484 | D:2      | Reached XP level 4. HP: 33/33 MP: 2/7
  2096 | D:2      | Identified 3 scrolls of acquirement
  2096 | D:2      | Acquired the +0 pair of boots of Hingant {rElec rF+ Dex-2}
  2097 | D:2      | Acquired a book of Annihilations
  2099 | D:2      | Acquired a scarf of repulsion
  2297 | D:2      | Learned a level 4 spell: Flame Wave
  2354 | D:3      | HP: 1/33 [gnoll/+0 halberd (10)]
  2355 | D:3      | Slain by a gnoll
                  | ... wielding a +0 spear
                  | (2 damage)
  2359 | D:3      | HP: 1/33 [gnoll/+0 spear (4)]
  2360 | D:3      | Slain by a gnoll
                  | ... wielding a +0 halberd
                  | (2 damage)
  2362 | D:3      | Slain by a gnoll
                  | ... wielding a +0 halberd
                  | (12 damage)
  2366 | D:3      | Slain by a gnoll
                  | ... wielding a +0 whip
                  | (4 damage)
  2371 | D:3      | Slain by a gnoll
                  | ... wielding a +0 halberd
                  | (7 damage)
  2376 | D:3      | Slain by a gnoll
                  | ... wielding a +0 halberd
                  | (2 damage)
  2378 | D:3      | Slain by a gnoll
                  | ... wielding a +0 halberd
                  | (6 damage)
  2387 | D:3      | Slain by a gnoll
                  | ... wielding a +0 halberd
                  | (6 damage)
  2395 | D:3      | Slain by a gnoll
                  | ... wielding a +0 halberd
                  | (10 damage)
  2400 | D:3      | HP: 1/33 [gnoll/+0 spear (5)]
  2401 | D:3      | Slain by a gnoll
                  | ... wielding a +0 spear
                  | (5 damage)
  2407 | D:3      | Slain by a gnoll
                  | ... wielding a +0 whip
                  | (5 damage)
  2418 | D:3      | Slain by a gnoll
                  | ... wielding a +0 whip
                  | (8 damage)
  2428 | D:3      | Slain by a gnoll
                  | ... wielding a +0 whip
                  | (6 damage)
  2432 | D:3      | Mangled by a gnoll
                  | ... wielding a +0 halberd
                  | (14 damage)
  2760 | D:3      | Identified the +6 mace of Luwo {holy, rCorr Str+2}
  2892 | D:3      | Reached XP level 5. HP: 36/38 MP: 2/9
  3024 | D:3      | Noticed Robin
  3055 | D:3      | Killed Robin
  3059 | D:3      | Slain by a goblin
                  | ... wielding a +0 dagger
                  | ... led by Robin
                  | (5 damage)
  3277 | D:3      | Noticed Sigmund
  3281 | D:3      | Killed Sigmund
  3282 | D:3      | Reached skill level 5 in Fire Magic
  3282 | D:3      | Reached XP level 6. HP: 34/45 MP: 1/11
  3920 | D:4      | Noticed Grinder
  3931 | D:4      | Killed Grinder
  3932 | D:4      | Reached skill level 6 in Fire Magic
  3932 | D:4      | Your scales start taking on a rich purple colour.
  3932 | D:4      | Reached XP level 7. HP: 44/50 MP: 1/14
  4147 | D:4      | Reached skill level 5 in Spellcasting
  4151 | D:4      | Slain by a sleepcap (19 damage)
  4619 | D:4      | Learned a level 3 spell: Inner Flame
  4623 | D:4      | Learned a level 3 spell: Volatile Blastmotes
  4931 | D:5      | Entered Level 5 of the Dungeon
  4931 | D:5      | Found a snail-covered altar of Cheibriados.
  5304 | D:5      | Reached skill level 7 in Fire Magic
  5674 | D:5      | Reached XP level 8. HP: 57/57 MP: 11/16
  6636 | D:6      | Reached skill level 5 in Conjurations
  6763 | D:6      | Noticed Blork the orc
  6779 | D:6      | Killed by nerve-wracking pain
                  | ... invoked by an orc priest
                  | (13 damage)
  6785 | D:6      | Killed Blork the orc
  6786 | D:6      | Reached skill level 8 in Fire Magic
  7072 | D:6      | You fall into a shaft and drop 3 floors!
  7083 | D:9      | Noticed Psyche
  7123 | D:8      | Noticed Grum
  7141 | D:8      | Slain by a wolf (7 damage)
                  | ... led by Grum
  7154 | D:8      | HP: 2/57 [wolf[Grum] (4)]
  7155 | D:8      | Slain by a wolf (4 damage)
                  | ... led by Grum
  7170 | D:8      | Slain by Grum
                  | ... wielding a +1 halberd
                  | (19 damage)
  7174 | D:8      | Slain by Grum
                  | ... wielding a +1 halberd
                  | (18 damage)
  7180 | D:8      | Mangled by Grum
                  | ... wielding a +1 halberd
                  | (21 damage)
  7184 | D:8      | Slain by Grum
                  | ... wielding a +1 halberd
                  | (8 damage)
  7186 | D:8      | Killed Grum
  7206 | D:8      | Reached XP level 9. HP: 11/62 MP: 2/19
  7208 | D:8      | Reached skill level 9 in Fire Magic
  7236 | D:8      | Killed by an exploding acid dragon (12 damage)
                  | ... ignited by their inner flame
  7367 | D:8      | Found a runed translucent gate.
  7367 | D:8      | Found a runed translucent gate.
  7367 | D:8      | Found a runed translucent gate.
  7388 | D:8      | Noticed sirJeffrey23's ghost (novice TrMo)
  7457 | D:8      | Mangled by sirJeffrey23's ghost (20 damage)
  7462 | D:8      | Killed sirJeffrey23's ghost
  7464 | D:8      | Slain by a steam dragon (8 damage)
  7471 | D:8      | Reached skill level 10 in Fire Magic
  7471 | D:8      | Slain by an ice beast (9 damage)
  7502 | D:8      | Slain by a hornet simulacrum (14 damage)
  7505 | D:8      | Engulfed by a cloud of flame (8 damage)
  7513 | D:8      | Got the ring "Uputuj Fyun" {Fire Will- Str+3 Int+2}
  7609 | D:8      | Found a hazy altar of Hepliaklqana.
  7805 | D:8      | Noticed Maurice
  7861 | D:8      | Killed Maurice
  8005 | D:8      | Found an ancient bone altar of Kikubaaqudgha.
  8007 | D:8      | Found a radiant altar of Vehumet.
  8344 | D:8      | Gained mutation: You are dopey. (Int -2) [potion of
                  | mutation]
  8344 | D:8      | Gained mutation: You have large cloven feet. [potion of
                  | mutation]
  8344 | D:8      | Gained mutation: You are weak. (Str -2) [potion of
                  | mutation]
  8355 | D:8      | Paralysed by a hornet for 3 turns
  8360 | D:8      | HP: 3/62 [shot self (8)]
  8361 | D:8      | HP: 1/62 [poisoned by a hornet]
  8361 | D:8      | Mangled by a hornet (9 damage)
  8363 | D:8      | Reached XP level 10. HP: 68/69 MP: 15/22
  9250 | D:7      | Identified the +0 falchion "Agiume" {holy, rElec}
  9274 | D:7      | Reached skill level 11 in Fire Magic
  9296 | D:7      | HP: 2/69 [black bear (4)]
 10078 | D:6      | Upgraded the game from 0.31-a0-83-gbff143cfd1 to
                  | 0.31-a0-95-g6fa058ef04
 10592 | D:7      | Lost mutation: You are weak. (Str -2) [potion of mutation]
 10592 | D:7      | Lost mutation: You are dopey. (Int -2) [potion of mutation]
 10592 | D:7      | Gained mutation: You have hoof-like feet. [potion of
                  | mutation]
 10592 | D:7      | Gained mutation: You are covered in fur. (AC +1) [potion of
                  | mutation]
 10681 | D:7      | Found Tihiuptu's Overcharged Wands.
 10698 | D:7      | Found a staircase to the Ecumenical Temple.
 10816 | D:7      | Found a broken altar of Ashenzari.
 10858 | Temple   | Entered the Ecumenical Temple
 11058 | D:8      | Became a worshipper of Vehumet
 11372 | D:9      | Noticed a tengu warrior
 11382 | D:9      | Killed a tengu warrior
 11387 | D:9      | Killed by an exploding tengu conjurer (10 damage)
                  | ... ignited by their inner flame
 11606 | D:9      | Noticed a death yak
 11610 | D:9      | Noticed a death yak
 11615 | D:9      | Killed a death yak
 11616 | D:9      | Reached skill level 12 in Fire Magic
 11620 | D:9      | Noticed a death yak
 11634 | D:9      | Mangled by a death yak (17 damage)
 11637 | D:9      | Killed a death yak
 11638 | D:9      | Slain by a death yak (20 damage)
 11644 | D:9      | HP: 2/69 [death yak (6)]
 11646 | D:9      | Killed a death yak
 11647 | D:9      | Reached XP level 11. HP: 3/74 MP: 5/24
 11657 | D:9      | HP: 2/74 [orc warrior/+0 war axe (4)]
 11659 | D:9      | Slain by an orc
                  | ... wielding a +0 flail
                  | (3 damage)
 11748 | D:9      | Killed Psyche
 11841 | D:9      | Found a staircase to the Lair.
 12133 | D:9      | Found a glowing silver altar of Zin.
 12154 | D:9      | Reached * piety under Vehumet
 12154 | D:9      | Offered knowledge of Kiss of Death by Vehumet.
 12163 | D:9      | HP: 2/74 [gnoll bouda/+0 whip (4)]
 12166 | D:9      | Slain by a gnoll bouda
                  | ... wielding a +0 whip
                  | (4 damage)
 12447 | D:9      | Found an ornate altar of the Wu Jian Council.
 12653 | D:9      | Reached skill level 10 in Spellcasting
 12825 | D:9      | Noticed a six-headed hydra
 12835 | D:9      | Killed a six-headed hydra
 13040 | D:10     | Entered Level 10 of the Dungeon
 13105 | D:10     | Found a blossoming altar of Fedhas.
 13285 | D:10     | Reached skill level 13 in Fire Magic
 13614 | D:10     | Noticed a two-headed ogre
 13623 | D:10     | Demolished by a two-headed ogre
                  | ... wielding a +0 giant spiked club
                  | (26 damage)
 13631 | D:10     | Mangled by a two-headed ogre
                  | ... wielding a +0 giant spiked club
                  | (13 damage)
 13632 | D:10     | Killed a two-headed ogre
 14337 | D:11     | Noticed a brown ugly thing
 14341 | D:11     | Found a runed translucent door.
 14342 | D:11     | Killed a brown ugly thing
 14345 | D:11     | Noticed particleface's ghost (journeyman SpHW)
 14363 | D:11     | Noticed Erica
 14378 | D:11     | Killed Erica
 14601 | D:11     | Reached skill level 14 in Fire Magic
 14601 | D:11     | Noticed a boulder beetle
 14643 | D:11     | Mangled by a boulder beetle (31 damage)
 14650 | D:11     | Mangled by a boulder beetle (19 damage)
 14673 | D:11     | Killed a boulder beetle
 14674 | D:11     | Reached XP level 12. HP: 45/81 MP: 1/27
 14845 | D:11     | Reached skill level 10 in Conjurations
 14865 | D:11     | Reached ** piety under Vehumet
 15095 | D:11     | Noticed Sonja
 15103 | D:11     | Killed Sonja
 15103 | D:11     | Offered knowledge of Freeze by Vehumet.
 15114 | D:11     | Learned a level 8 spell: Ignition
 15560 | D:11     | Killed particleface's ghost
 15673 | D:12     | Noticed a two-headed ogre
 15678 | D:12     | HP: 4/81 [two-headed ogre/+0 dire flail (20)]
 15678 | D:12     | Mangled by a wolf spider zombie (11 damage)
 15680 | D:12     | Killed a two-headed ogre
 15683 | D:12     | Noticed a two-headed ogre
 15687 | D:12     | Slain by a two-headed ogre
                  | ... wielding a +0 giant club
                  | (23 damage)
 15691 | D:12     | HP: 2/81 [two-headed ogre/+0 giant club (18)]
 15692 | D:12     | Slain by a two-headed ogre
                  | ... wielding a +0 giant club
                  | (6 damage)
 15698 | D:12     | Killed a two-headed ogre
 15790 | D:12     | Found a staircase to the Orcish Mines.
 15876 | D:12     | HP: 4/81 [orc priest/+2 falchion of freezing (3)]
 15877 | D:12     | Offered knowledge of Dazzling Flash by Vehumet.
 15903 | D:12     | Reached skill level 15 in Fire Magic
 15960 | D:12     | HP: 4/81 [red ugly thing (4)]
 15961 | D:12     | Slain by a red ugly thing (4 damage)
 15973 | D:12     | Mangled by a red ugly thing (13 damage)
 16087 | D:12     | Identified the +4 sling of the Dungeon {flame, Int+3}
 16134 | D:12     | Noticed a boulder beetle
 16305 | D:12     | HP: 1/81 [boulder beetle (15)]
 16305 | D:12     | Mangled by a boulder beetle (8 damage)
 16316 | D:12     | Mangled by a boulder beetle (20 damage)
 16339 | D:12     | Killed a boulder beetle
 16574 | D:12     | Reached *** piety under Vehumet
 16776 | D:12     | Noticed Snorg
 16786 | D:12     | Killed Snorg
 17184 | D:12     | Noticed a two-headed ogre
 17187 | D:12     | Killed a two-headed ogre
 17312 | D:12     | Reached XP level 13. HP: 86/86 MP: 11/29
 17321 | D:12     | Offered knowledge of Sticky Flame by Vehumet.
 17469 | D:12     | Noticed Kirke
 17478 | D:12     | HP: 2/77 [hog[Kirke] (13)]
 17479 | D:12     | Slain by a hog (2 damage)
                  | ... led by Kirke
 17482 | D:12     | Slain by Kirke
                  | ... wielding a +2 dagger of draining
                  | (4 damage)
 17489 | D:12     | HP: 2/64 [Kirke/+2 dagger of draining (8)]
 17491 | D:12     | Mangled by a hog (9 damage)
                  | ... led by Kirke
 17495 | D:12     | Slain by Kirke
                  | ... wielding a +2 dagger of draining
                  | (14 damage)
 17499 | D:12     | Slain by a hog (5 damage)
                  | ... led by Kirke
 17505 | D:12     | Mangled by a hog (13 damage)
                  | ... led by Kirke
 17506 | D:12     | Mangled by Kirke
                  | ... wielding a +2 dagger of draining
                  | (19 damage)
 17511 | D:12     | Slain by a hog (12 damage)
                  | ... led by Kirke
 17516 | D:12     | Slain by a hog (7 damage)
                  | ... led by Kirke
 17523 | D:12     | Slain by a hog (5 damage)
                  | ... led by Kirke
 17525 | D:12     | Mangled by a hog (12 damage)
                  | ... led by Kirke
 17528 | D:12     | Mangled by a hog (14 damage)
                  | ... led by Kirke
 17530 | D:12     | Mangled by Kirke
                  | ... wielding a +2 dagger of draining
                  | (16 damage)
 17532 | D:12     | Mangled by a hog (11 damage)
                  | ... led by Kirke
 17536 | D:12     | Mangled by a hog (14 damage)
                  | ... led by Kirke
 17541 | D:12     | Reached skill level 16 in Fire Magic
 17541 | D:12     | Killed Kirke
 17544 | D:12     | HP: 2/42 [centaur warrior zombie (5)]
 17544 | D:12     | Slain by a centaur warrior zombie (2 damage)
 17554 | D:12     | Learned a level 4 spell: Sticky Flame
 17564 | D:12     | Learned a level 9 spell: Fire Storm
 18668 | Lair:1   | Entered Level 1 of the Lair of Beasts
 18891 | Lair:1   | Reached **** piety under Vehumet
 20393 | Lair:2   | Found a staircase to the Shoals.
 20558 | Lair:2   | Offered knowledge of Lee's Rapid Deconstruction by Vehumet.
 20559 | Lair:2   | HP: 3/86 [cloud of flame (8)]
 20841 | Lair:2   | Reached skill level 17 in Fire Magic
 21016 | Lair:2   | Noticed Gastronok
 21033 | Lair:2   | Killed Gastronok
 21059 | Lair:2   | Killed from afar by a rime drake (12 damage)
                  | ... with an icy flash freeze
 21961 | Lair:3   | Noticed Nergalle
 21965 | Lair:3   | Killed Nergalle
 22127 | Lair:3   | Reached skill level 5 in Stealth
 22131 | Lair:3   | Reached XP level 14. HP: 93/93 MP: 24/30
 22247 | Lair:3   | Noticed Nessos
 22252 | Lair:3   | Killed Nessos
 22266 | Lair:3   | Slain by a dream sheep (17 damage)
 22617 | Lair:3   | Found a hole to the Spider Nest.
 22635 | Lair:3   | HP: 3/93 [polar bear (13)]
 22637 | Lair:3   | Demolished by a polar bear (19 damage)
 23000 | Lair:4   | Reached ***** piety under Vehumet
 23000 | Lair:4   | Offered knowledge of Iskenderun's Battlesphere by Vehumet.
 23245 | Lair:4   | Reached skill level 18 in Fire Magic
 23595 | Lair:4   | Found a viscous altar of Jiyva.
 23595 | Lair:4   | Found a staircase to the Slime Pits.
 23990 | Lair:5   | Entered Level 5 of the Lair of Beasts
 24030 | Lair:5   | HP: 2/93 [spore (8)]
 24031 | Lair:5   | Engulfed by a cloud of flame (5 damage)
 24620 | Lair:5   | Killed from afar by a molten gargoyle (17 damage)
                  | ... with a bolt of magma
 24931 | Lair:5   | HP: 3/93 [death yak (14)]
 24931 | Lair:5   | Slain by a death yak (7 damage)
 24944 | Lair:5   | Mangled by a death yak (19 damage)
 25086 | Lair:5   | Upgraded the game from 0.31-a0-95-g6fa058ef04 to
                  | 0.31-a0-102-g33a4ccc0cb
 25304 | Lair:5   | HP: 4/93 [molten gargoyle/bolt of magma (6)]
 25306 | Lair:5   | Killed from afar by a lava snake (16 damage)
                  | ... with a glob of lava
 25317 | Lair:5   | HP: 3/93 [lava snake/glob of lava (13)]
 25319 | Lair:5   | Mangled by a molten gargoyle
                  | ... wielding a +0 morningstar
                  | (10 damage)
 25323 | Lair:5   | Slain by a molten gargoyle
                  | ... wielding a +0 morningstar
                  | (15 damage)
 25328 | Lair:5   | HP: 4/93 [molten gargoyle/bolt of magma (11)]
 25328 | Lair:5   | Killed from afar by a molten gargoyle (17 damage)
                  | ... with a bolt of magma
 25334 | Lair:5   | Slain by a komodo dragon (14 damage)
 25340 | Lair:5   | HP: 4/93 [komodo dragon (15)]
 25341 | Lair:5   | HP: 1/93 [komodo dragon (4)]
 25343 | Lair:5   | Killed from afar by a molten gargoyle (13 damage)
                  | ... with a bolt of magma
 25356 | Lair:5   | Mangled by a komodo dragon (21 damage)
 25494 | Lair:5   | Slain by a lindwurm (10 damage)
 25521 | Lair:5   | Found a large runed translucent door.
 25522 | Lair:5   | Found a large runed translucent door.
 25572 | Lair:5   | Killed from afar by a fire dragon (11 damage)
                  | ... with a blast of flame
 25585 | Lair:5   | Slain by a fire dragon (8 damage)
 25602 | Lair:5   | HP: 3/93 [fire dragon (2)]
 26242 | Spider:1 | Entered Level 1 of the Spider Nest
 26249 | Spider:1 | Succumbed to a jorogumo's poison
 26255 | Spider:1 | HP: 1/89 [entropy weaver (5)]
 26256 | Spider:1 | Succumbed to a jorogumo's poison
 26258 | Spider:1 | Noticed a broodmother
 26258 | Spider:1 | Paralysed by a jorogumo for 1 turns
 26260 | Spider:1 | HP: 4/89 [entropy weaver (3)]
 26260 | Spider:1 | Slain by an entropy weaver (7 damage)
 26262 | Spider:1 | Mangled by a broodmother (27 damage)
 26264 | Spider:1 | Succumbed to a redback's poison
 26267 | Spider:1 | Killed a broodmother
 26268 | Spider:1 | Succumbed to a wolf spider's poison
 26476 | Spider:1 | Noticed Louise
 26480 | Spider:1 | Noticed Azrael
 26481 | Spider:1 | Killed Louise
 26482 | Spider:1 | Reached skill level 19 in Fire Magic
 26500 | Spider:1 | HP: 2/93 [fire elemental[Azrael] (3)]
 26500 | Spider:1 | Slain by a fire elemental (2 damage)
                  | ... led by Azrael
 26509 | Spider:1 | Reached XP level 15. HP: 17/99 MP: 31/31
 26511 | Spider:1 | HP: 4/99 [fire elemental[Azrael] (3)]
 26512 | Spider:1 | Mangled by a redback (9 damage)
 26513 | Spider:1 | Noticed Pesouf's ghost (adept MfHs)
 26513 | Spider:1 | Noticed an emperor scorpion
 26514 | Spider:1 | Noticed Aizul
 26530 | Spider:1 | Slain by Aizul (7 damage)
 26537 | Spider:1 | Killed Aizul
 26537 | Spider:1 | HP: 2/99 [poisoned by Aizul (bolt of poison)]
 26538 | Spider:1 | Succumbed to Aizul's bolt of poison
 26547 | Spider:1 | Learned a level 5 spell: Iskenderun's Battlesphere
 26736 | Spider:1 | Killed from afar by Azrael (13 damage)
                  | ... with a fireball
 26742 | Spider:1 | HP: 4/99 [Azrael/+4 scimitar of flaming (1)]
 26743 | Spider:1 | Slain by a fire elemental (3 damage)
                  | ... led by Azrael
 26753 | Spider:1 | HP: 3/99 [fire elemental[Azrael] (3)]
 26753 | Spider:1 | Slain by Azrael
                  | ... wielding a +4 scimitar of flaming
                  | (7 damage)
 26764 | Spider:1 | Killed Azrael
 27046 | Spider:1 | Found a transporter.
 27061 | Spider:1 | Found a transporter.
 27079 | Spider:1 | Paralysed by a jorogumo for 3 turns
 27081 | Spider:1 | HP: 2/93 [steelbarb worm (7)]
 27081 | Spider:1 | Mangled by Pesouf's ghost (8 damage)
                  | ... while paralysed by a jorogumo
 27083 | Spider:1 | Demolished by Pesouf's ghost (37 damage)
 27084 | Spider:1 | Killed an emperor scorpion
 27087 | Spider:1 | HP: 1/99 [poisoned by an emperor scorpion]
 27087 | Spider:1 | Mangled by Pesouf's ghost (9 damage)
 27091 | Spider:1 | Demolished by Pesouf's ghost (41 damage)
 27096 | Spider:1 | Mangled by Pesouf's ghost (26 damage)
 27103 | Spider:1 | Demolished by Pesouf's ghost (35 damage)
 27110 | Spider:1 | Slain by Pesouf's ghost (9 damage)
 27116 | Spider:1 | Mangled by Pesouf's ghost (35 damage)
 27120 | Spider:1 | HP: 3/99 [Pesouf's ghost (23)]
 27124 | Spider:1 | Annihilated by Pesouf's ghost (26 damage)
 27131 | Spider:1 | HP: 2/99 [Pesouf's ghost (21)]
 27132 | Spider:1 | Demolished by Pesouf's ghost (19 damage)
 27135 | Spider:1 | Killed Pesouf's ghost
 27354 | Spider:1 | Identified the +2 leather armour of Lifelessness {rF+ SInv}
 27661 | Spider:1 | Noticed an emperor scorpion
 27670 | Spider:1 | HP: 1/99 [emperor scorpion (8)]
 27670 | Spider:1 | Slain by an emperor scorpion (2 damage)
 27672 | Spider:1 | Killed an emperor scorpion
 27672 | Spider:1 | Noticed Agnes
 27677 | Spider:1 | Succumbed to Agnes's poison
 27679 | Spider:1 | Slain by Agnes
                  | ... wielding a +0 lajatang of venom
                  | (14 damage)
 27681 | Spider:1 | HP: 3/99 [Agnes/+0 lajatang of venom (22)]
 27681 | Spider:1 | Demolished by Agnes
                  | ... wielding a +0 lajatang of venom
                  | (22 damage)
 27683 | Spider:1 | Succumbed to Agnes's poison
 27685 | Spider:1 | Mangled by Agnes
                  | ... wielding a +0 lajatang of venom
                  | (20 damage)
 27688 | Spider:1 | Succumbed to Agnes's poison
 27689 | Spider:1 | Demolished by Agnes
                  | ... wielding a +0 lajatang of venom
                  | (23 damage)
 27692 | Spider:1 | Succumbed to Agnes's poison
 27694 | Spider:1 | Mangled by Agnes
                  | ... wielding a +0 lajatang of venom
                  | (17 damage)
 27696 | Spider:1 | Succumbed to Agnes's poison
 27700 | Spider:1 | HP: 1/99 [poisoned by Agnes]
 27700 | Spider:1 | Annihilated by Agnes
                  | ... wielding a +0 lajatang of venom
                  | (28 damage)
 27702 | Spider:1 | Killed Agnes
 27798 | Spider:1 | Slain by a culicivora (13 damage)
 28903 | Spider:2 | Offered knowledge of Yara's Violent Unravelling by Vehumet.
 28904 | Spider:2 | Reached skill level 20 in Fire Magic
 28908 | Spider:2 | Slain by a steelbarb worm (13 damage)
 28910 | Spider:2 | Noticed Arachne
 28915 | Spider:2 | Slain by a pharaoh ant (20 damage)
 28922 | Spider:2 | Killed Arachne
 28923 | Spider:2 | Slain by Arachne the simulacrum (40 damage)
 28986 | Spider:2 | Acquired a staff of fire
 29006 | Spider:2 | Noticed Mlioglotl
 29014 | Spider:2 | Killed themself with a badly aimed great blast of fire (43
                  | damage)
 29014 | Spider:2 | Killed Mlioglotl
 29136 | Spider:2 | Reached XP level 16. HP: 24/105 MP: 26/32
 29931 | Spider:3 | Reached skill level 10 in Stealth
 30072 | Spider:3 | Offered knowledge of Conjure Ball Lightning by Vehumet.
 30458 | Spider:3 | Reached skill level 15 in Conjurations
 30645 | Spider:3 | HP: 3/105 [poisoned by a redback]
 30646 | Spider:3 | Succumbed to a redback's poison
 31219 | Spider:4 | Entered Level 4 of the Spider Nest
 31262 | Spider:4 | Slain by a pharaoh ant (19 damage)
 31312 | Spider:4 | Slain by a redback (7 damage)
 31355 | Spider:4 | HP: 1/99 [pharaoh ant (10)]
 31355 | Spider:4 | Slain by a pharaoh ant (5 damage)
 31358 | Spider:4 | Mangled by a ghost moth (12 damage)
 31360 | Spider:4 | HP: 3/91 [pharaoh ant (27)]
 31360 | Spider:4 | Mangled by a ghost moth (8 damage)
 31362 | Spider:4 | Mangled by a pharaoh ant (27 damage)
 31368 | Spider:4 | Reached skill level 21 in Fire Magic
 31368 | Spider:4 | HP: 1/84 [jumping spider (8)]
 31368 | Spider:4 | Slain by a jumping spider simulacrum (1 damage)
 31370 | Spider:4 | Mangled by a jumping spider simulacrum (25 damage)
 31373 | Spider:4 | Demolished by a jumping spider simulacrum (27 damage)
 31375 | Spider:4 | Annihilated by a radroach simulacrum (40 damage)
 31377 | Spider:4 | Annihilated by a radroach simulacrum (43 damage)
 31378 | Spider:4 | Mangled by a radroach simulacrum (37 damage)
 31386 | Spider:4 | Annihilated by a radroach simulacrum (37 damage)
 31737 | Spider:4 | Slain by a culicivora (11 damage)
 31750 | Spider:4 | HP: 2/100 [spark wasp (5)]
 31751 | Spider:4 | Demolished by a spark wasp (17 damage)
 31767 | Spider:4 | HP: 5/103 [jumping spider (4)]
 31788 | Spider:4 | HP: 5/104 [cloud of flame (3)]
 31809 | Spider:4 | Killed by miscasting Fire Storm (15 damage)
 31818 | Spider:4 | HP: 3/105 [something (8)]
 31819 | Spider:4 | Upgraded the game from 0.31-a0-102-g33a4ccc0cb to
                  | 0.31-a0-117-g42d8f58691
 31819 | Spider:4 | Mangled by a ghost moth (13 damage)
 31823 | Spider:4 | HP: 1/105 [culicivora (8)]
 31824 | Spider:4 | Mangled by a ghost moth (9 damage)
 31833 | Spider:4 | HP: 2/105 [something (5)]
 31833 | Spider:4 | Mangled by a culicivora (8 damage)
 31837 | Spider:4 | Lost dexterity.
 31838 | Spider:4 | HP: 3/105 [ghost moth (7)]
 31838 | Spider:4 | Slain by a ghost moth (8 damage)
                  | ... while paralysed
 31841 | Spider:4 | Slain by a ghost moth (9 damage)
 31844 | Spider:4 | Upgraded the game from 0.31-a0-117-g42d8f58691 to
                  | 0.31-a0-702-gf82c85558f
 31844 | Spider:4 | Succumbed to a redback's poison
 31845 | Spider:4 | Slain by a culicivora (13 damage)
 31846 | Spider:4 | Lost strength.
 31847 | Spider:4 | Succumbed to a redback's poison
                  | ... while paralysed
 31849 | Spider:4 | Slain by a ghost moth (10 damage)
                  | ... while paralysed
 31851 | Spider:4 | Succumbed to a redback's poison
 31852 | Spider:4 | Slain by a culicivora (14 damage)
 31853 | Spider:4 | Slain by a ghost moth (7 damage)
 31855 | Spider:4 | Succumbed to a redback's poison
 31858 | Spider:4 | HP: 4/105 [ghost moth (13)]
 31859 | Spider:4 | Succumbed to a redback's poison
 31861 | Spider:4 | Succumbed to a redback's poison
 31864 | Spider:4 | Quit the game

Illustrated notes

Levels and vault maps discovered:
D:1:      lemuel_arrival_funnel, layout_basic, ebering_ecumenical_altar_webs
D:2:      layout_basic, basic_altar
D:3:      layout_loops_corners, uniq_sigmund, uniq_robin
D:4:      layout_cave_pods, uniq_grinder
D:5:      layout_basic, slow_altar_1
D:6:      layout_cave_pods, uniq_blork_the_orc
D:7:      layout_rooms, overflow_temple_1_default,
          minmay_temple_entry_sparse_star, minmay_stone_trees_small,
          nicolae_shop_overcharged_wands
D:8:      layout_layer_cave, mainiacjoe_overflow_small_starburst,
          lemuel_crystal_altar, overflow_temple_1_default, gammafunk_ghost_icy,
          kennysheep_generic_room_3, uniq_grum, uniq_maurice
D:9:      layout_grid_maze, zin_statuary, mainiacjoe_overflow_cross_hatched,
          dpeg_lair_monsters, uniq_psyche
D:10:     layout_gridville, fedhas_altar_1, due_unseen_surprise
D:11:     layout_long_grid, hellmonk_ghost_happy_afterlife, serial_park_tiny_1,
          uniq_sonja, uniq_erica
D:12:     layout_loops_corners, minmay_orc_entry_temple_small, serial_undead,
          serial_undead_c, serial_undead_d, serial_undead_f, serial_undead_a,
          serial_undead_f, serial_undead_a, uniq_snorg, uniq_kirke
D:13:     layout_basic, grunt_dithmenos_smoke_and_mirrors, uniq_urug,
          uniq_josephine, uniq_rupert
Temple:   jpeg_temple_clearing
Lair:1:   layout_small_grid, minmay_holes
Lair:2:   layout_loops_ring, nicolae_shoals_entry_roost,
          bobbens_dragon_lair_wall, serial_bayou_shore_b, uniq_gastronok
Lair:3:   layout_misc_corridors, spider_nest_entry_webs, uniq_nessos,
          uniq_nergalle
Lair:4:   layout_gridlike, dpeg_slime_entry_enclosed
Lair:5:   cheibrodos_lair_end_hotspot, layout_long_grid, nicolae_lair_lil_pond,
          small_statue_intersection
Spider:1: nicolae_spider_hilbert_zone_5 [nicolae_spider_hilbert_3_sides_1_open,
          nicolae_spider_hilbert_4_sides_1_open,
          nicolae_spider_hilbert_4_sides_1_open,
          nicolae_spider_hilbert_6_sides_1_open,
          nicolae_spider_hilbert_6_sides_1_open], gammafunk_ghost_arena,
          uniq_louise, uniq_aizul, uniq_azrael, uniq_agnes
Spider:2: layout_spider_delve, uniq_arachne, uniq_mlioglotl
Spider:3: layout_cave_pods, nicolae_spider_cling_halls
Spider:4: spider_rune_water, spiders_nest_ghost_moth_duel

Skill      XL: |  1  2  3  4  5  6  7  8  9 10 11 12 13 14 15 16 |
---------------+-------------------------------------------------+-----
Fire Magic     | 4 5 6 7 8 10 12 14 15 17 19 20 21 | 21.2
Conjurations   | 2 3 4 5 7 8 9 11 12 13 14 15 | 15.3
Spellcasting   | 3 4 5 6 8 9 11 12 | 12.8
Stealth        | 5 7 9 10 | 10.7
Dodging        | |  1.7

Action                     |  1- 3 |  4- 6 |  7- 9 | 10-12 | 13-15 | 16-18 || total
---------------------------+-------+-------+-------+-------+-------+-------++-------
  Melee: Unarmed           |    46 |   160 |       |       |    66 |       ||   272
         Tailslap          |     7 |    27 |    13 |    34 |    80 |    11 ||   172
         Punch             |       |     1 |     1 |     2 |     7 |       ||    11
         Mace              |       |       |   139 |   243 |   456 |       ||   838
         Staff             |       |       |       |       |     8 |   105 ||   113
   Cast: Foxfire           |    34 |     3 |     6 |    19 |    12 |     3 ||    77
         Scorch            |    10 |    42 |    61 |   189 |   129 |    31 ||   462
         Flame Wave        |       |       |     8 |    25 |    43 |    12 ||    88
         Inner Flame       |       |       |    12 |    38 |    87 |    20 ||   157
         Volatile Blastmot |       |       |     9 |    19 |     2 |     1 ||    31
         Ignition          |       |       |       |    10 |   106 |    22 ||   138
         Sticky Flame      |       |       |       |       |     8 |       ||     8
         Iskenderun's Batt |       |       |       |       |     4 |     1 ||     5
         Fire Storm        |       |       |       |       |     1 |       ||     1
Ability: Breathe Dispellin |       |       |     1 |     1 |     2 |     3 ||     7
    Use: Scroll            |     5 |     6 |     8 |     6 |     6 |     2 ||    33
         Potion            |       |     1 |     2 |     4 |     7 |     1 ||    15
 Armour: Skin              |    12 |    74 |    71 |   214 |   567 |   382 ||  1320
  Dodge: Dodged            |    31 |   216 |   220 |   317 |   809 |   197 ||  1790

Table legend: (Time is in decaauts)
 A = Elapsed time spent in this place.
 B = Non-inter-level travel time spent in this place.
 C = Inter-level travel time spent in this place.
 D = Time resting spent in this place.
 E = Time spent auto-exploring this place.
 F = Levels seen in this place.
 G = Mean time per level.
                   A        B        C        D        E       F      G
               +--------+--------+--------+--------+--------+-----+--------+
         Total |  32843 |  31072 |   1771 |    369 |  24820 |  23 | 1428.0 |
       Dungeon |  18734 |  17445 |   1289 |    244 |  14059 |  13 | 1441.1 |
        Temple |    149 |    149 |      0 |      0 |     57 |   1 |  149.0 |
          Lair |   7975 |   7665 |    310 |    100 |   6372 |   5 | 1595.0 |
   Spider Nest |   5982 |   5812 |    170 |     25 |   4331 |   4 | 1495.5 |
               +--------+--------+--------+--------+--------+-----+--------+

Top non-repeatable levels by time:
    D:12: 3003 daAuts
Spider:1: 2801 daAuts
  Lair:5: 2385 daAuts
     D:8: 2171 daAuts
     D:9: 1965 daAuts
  Lair:2: 1766 daAuts
Spider:3: 1741 daAuts
  Lair:1: 1565 daAuts
     D:5: 1557 daAuts
     D:3: 1498 daAuts
    D:11: 1457 daAuts
     D:2: 1452 daAuts
     D:6: 1301 daAuts
     D:4: 1268 daAuts
    D:10: 1178 daAuts
